 Dungeon Crawl Stone Soup version 0.21.1-1-g345015f (webtiles) character file.

81 spiff the Grasshopper (level 4, 0/34 HPs)
             Began as a Human Warper on July 6, 2018.
             Slain by an orc
             ... wielding a +0 hand axe
              (3 damage)
             ... on level 3 of the Dungeon.
             The game lasted 00:05:16 (2702 turns).

spiff the Grasshopper (Human Warper)                Turns: 2702, Time: 00:05:16

Health: 0/34       AC:  3    Str: 13    XL:     4   Next: 68%
Magic:  7/7        EV: 12    Int: 13    God:
Gold:   130        SH:  0    Dex: 12    Spells: 3/7 levels left

rFire    . . .     SeeInvis .   a - +0 falchion
rCold    . . .     Gourm    .   (no shield)
rNeg     . . .     Faith    .   b - +0 leather armour
rPois    .         Spirit   .   (no helmet)
rElec    .         Reflect  .   (no cloak)
rCorr    .         Harm     .   (no gloves)
MR       .....                  (no boots)
Stlth    +.........             (no amulet)
HPRegen  0.11/turn              (no ring)
MPRegen  0.10/turn              (no ring)

@: lethally poisoned (0 -> -3)
A: no striking features
a: no special abilities


You were on level 3 of the Dungeon.
You were not hungry.

You visited 1 branch of the dungeon, and saw 3 of its levels.

You collected 130 gold pieces.

Inventory:

Hand Weapons
 a - a +0 falchion (weapon)
 q - a +0 dagger of venom
Missiles
 e - 5 tomahawks of dispersal (quivered)
Armour
 b - a +0 leather armour (worn)
Scrolls
 d - 2 scrolls of blinking
 g - 4 scrolls of remove curse
 i - 2 scrolls of immolation {unknown}
 k - 2 scrolls of identify {unknown}
 l - a scroll of fog {unknown}
Potions
 h - a potion of resistance {unknown}
 j - a potion of lignification {unknown}
 m - a potion of haste {unknown}
 n - a potion of magic {unknown}
 o - a potion of brilliance {unknown}
Books
 c - a book of Spatial Translocations

   Spells                             Type                      Level
   a - Blink                          Translocation                2
   b - Shroud of Golubria             Charms/Translocation         2
   c - Lesser Beckoning               Translocation                3
   d - Gell's Gravitas                Translocation                3
   e - Teleport Other                 Translocation                3
   f - Passage of Golubria            Translocation                4
Comestibles
 f - 6 rations
 p - 3 chunks of flesh


   Skills:
 + Level 2.9 Fighting
 + Level 2.9 Long Blades
 - Level 1.0 Throwing
 - Level 1.0 Armour
 + Level 3.0 Dodging
 - Level 2.0 Spellcasting
 + Level 0.8 Charms
 - Level 3.0 Translocations


You had 3 spell levels left.
You knew the following spells:

 Your Spells              Type           Power        Failure   Level  Hunger
a - Blink                 Tloc           N/A          14%         2    ###....
b - Shroud of Golubria    Chrm/Tloc      #.........   22%         2    ###....


Dungeon Overview and Level Annotations

Branches:
Dungeon (3/15)

Altars:

Annotations:
D:3 Grinder


Message History

You kill the goblin!
You feel sick. The bat closely misses you. The bat hits you but does no damage.
You feel sick. The bat hits you but does no damage.
Things that are here:
a dagger of venom; a goblin corpse
q - a dagger of venom The bat completely misses you.
There are no objects that can be picked up here. a goblin corpse You butcher the goblin corpse.
You feel sick. The bat closely misses you.
You see here 3 chunks of flesh.
You feel sick. The bat hits you but does no damage. The bat hits you.
The bat closely misses you. The worm barely misses you.
The bat closely misses you.
You feel sick. The bat closely misses you. The worm bites you!
* * * LOW HITPOINT WARNING * * *
The orc hits you but does no damage. The quokka completely misses you.
The bat closely misses you. x2; You riposte.
You miss the bat. The orc hits you with a hand axe.
You die...

# #.......#.###...#
##5###.....####.###
#.# #.##..# #...#
#5###.##[..# ##..#
#.%...##...# #.##
####r.####......#
#.### #.w.#
#...####
#.....##b.##....#
#..@or......# #.
####........ ####.#
....##.>. #...!.
.#.... .. #..... ##
###..o..##..... #..
.....r.. ..
.##..... ...oo..<
5..o..b.


You could see a worm, 2 orcs, a quokka and a bat.

Vanquished Creatures
  4 adders
  A worm (D:2)
  A giant cockroach (D:2)
  4 goblins
  9 hobgoblins
  A quokka (D:2)
  A ball python (D:1)
  8 bats
  3 frilled lizards (D:1)
  7 kobolds
  3 rats
42 creatures vanquished.

Vanquished Creatures (others)
  An adder (D:3)
1 creature vanquished.

Grand Total: 43 creatures vanquished

Notes
Turn   | Place    | Note
-------+----------+-------------------------------------------
     0 | D:1      | spiff the Human Warper began the quest for the Orb.
     0 | D:1      | Reached XP level 1. HP: 16/16 MP: 3/3
   128 | D:1      | Reached XP level 2. HP: 22/22 MP: 5/5
   824 | D:1      | Reached XP level 3. HP: 26/28 MP: 6/6
  1363 | D:2      | Learned a level 2 spell: Blink
  1491 | D:2      | Noticed an ice beast
  1742 | D:2      | Learned a level 2 spell: Shroud of Golubria
  2131 | D:2      | Reached XP level 4. HP: 28/34 MP: 7/7
  2471 | D:3      | Noticed Grinder
  2702 | D:3      | Slain by an orc

Skill      XL: |  1  2  3  4 |
---------------+-------------+-----
Dodging        | 3 |  3.0
Fighting       | |  2.9
Long Blades    | |  2.9
Throwing       | |  1.0
Armour         | |  1.0
Spellcasting   | |  2.0
Charms         | |  0.8
Translocations | |  3.0

Action                   |  1- 3 |  4- 6 || total
-------------------------+-------+-------++-------
Melee: Falchion          |   115 |    51 ||   166
 Cast: Blink             |     2 |       ||     2
       Shroud of Golubri |     1 |     2 ||     3
  Use: Scroll            |     2 |       ||     2
  Eat: Chunk             |     3 |     3 ||     6
Armor: Leather armour    |    35 |    19 ||    54
Dodge: Dodged            |    91 |    56 ||   147
       Rpst.: Falchion   |    16 |    11 ||    27
